 Dungeon Crawl Stone Soup version 0.31-a0-214-gb37851dbb3 (webtiles) character file.

Game seed: 7211030177018993651

1980 qw the Skirmisher (level 9, -9/78 HPs)
             Began as a Minotaur Hexslinger on July 1, 2023.
             Was a Follower of Okawaru.
             Mangled by a gnoll
             ... wielding a +0 halberd
             ... led by a gnoll bouda
              (12 damage)
             ... on level 6 of the Dungeon.
             The game lasted 00:02:37 (5185 turns).

qw the Skirmisher (Minotaur Hexslinger)             Turns: 5185, Time: 00:02:38

Health: -9/78      AC: 14    Str: 12    XL:     9   Next: 1%
Magic:  8/10       EV: 15    Int: 10    God:    Okawaru [*.....]
Gold:   334        SH:  5    Dex: 18    Spells: 9/10 levels left

rFire   . . .        Y - +2 sling
rCold   . . .        (no shield)
rNeg    . . .        c - +2 ring mail {rPois}
rPois   +            (helmet restricted)
rElec   .            (no cloak)
rCorr   .            h - +0 pair of gloves
SInv    .            (no boots)
Will    .....        n - amulet of reflection
Stlth   ++           g - +4 ring of protection
HPRegen 0.33/turn    (no ring)
MPRegen 0.12/turn

%: reflection
@: about to teleport, heroic, weakened
A: horns 2, retaliatory headbutt
a: Renounce Religion, Heroism


You were on level 6 of the Dungeon.
You worshipped Okawaru.
Okawaru was aware of your devotion.
You visited 2 branches of the dungeon, and saw 7 of its levels.
You also visited: Ossuary.

You collected 370 gold pieces.
You spent 36 gold pieces at shops.


Innate Abilities, Weirdness & Mutations

You have a pair of horns on your head.
You reflexively headbutt those who attack you in melee.


   Skills:
 + Level 6.9(11.9) Fighting
 - Level 10.0(15.0) Ranged Weapons
 - Level 2.5(7.5) Armour
 - Level 3.0(8.0) Dodging
 - Level 1.0 Spellcasting
 - Level 2.0 Hexes
 + Level 3.7 Invocations


You had 9 spell levels left.
You knew the following spells:

 Your Spells              Type           Power      Damage    Failure   Level
a - Slow                  Hex            16%        N/A       30%         1

Your spell library contained the following spells:

 Spells                   Type           Power      Damage    Failure   Level
 Inner Flame              Hex/Fire       2%         N/A       80%         3
 Portal Projectile        Hex/Tloc       4%         N/A       80%         3
 Cause Fear               Hex            2%         N/A       96%         4

Inventory:

Hand Weapons
 Y - a +2 sling (weapon)
Armour
 c - a +2 ring mail of poison resistance (worn)
 h - a +0 pair of gloves (worn)
 i - a +3 leather armour of fire resistance
Jewellery
 g - a +4 ring of protection (left hand)
 j - the amulet "Xeebb" {Spirit rPois Str+3}
   (You found it on level 3 of the Dungeon)

   [amulet of guardian spirit]

   It causes incoming damage to be divided between your reserves of health and
   magic.
   Str:       It affects your strength (+3).
   rPois:     It protects you from poison.
 n - an amulet of reflection (around neck)
Scrolls
 a - a scroll of identify
Potions
 b - 2 potions of haste
 d - a potion of cancellation
 f - 2 potions of mutation
 l - 2 potions of enlightenment
 o - a potion of heal wounds
 p - a potion of might {unknown}
 r - 2 potions of resistance

Dungeon Overview and Level Annotations

Branches:
Dungeon (6/15)             Temple (1/1) D:4         Ossuary (visited)

Altars:
Ashenzari
Cheibriados
Dithmenos
Elyvilon
Fedhas
Gozag
Hepliaklqana
Makhleb
Nemelex Xobeh
Okawaru
Qazlal
Ru
Sif Muna
Uskayaw
Vehumet
Xom
Zin

Shops:
D:2 !   D:3 [

Annotations:
D:3 exclusion: orc priest
D:5 1 runed translucent door, Crazy Yiuf
D:6 Edmund, Grinder


Message History

Edmund is lightly wounded.
The gnoll misses you. The gnoll hits you but does no damage.
You shoot a sling bullet. The sling bullet hits Edmund.
Edmund is moderately wounded.
The gnoll bouda gazes fiercely through you!
You feel your attacks grow feeble. The gnoll bouda barely misses you.
Edmund hits you but does no damage.
Grinder blinks!
The gnoll closely misses you.
The gnoll hits you from afar with a +0 halberd!
You shoot a sling bullet. The sling bullet hits Edmund!
Edmund is heavily wounded.
You feel like a meek peon again. The gnoll sergeant barely misses you.
The gnoll completely misses you. The gnoll bouda barely misses you.
Edmund closely misses you.
The gnoll hits you from afar with a +0 halberd!
The gnoll barely misses you.
5183 ||| INVOKING Heroism.
You gain the combat prowess of a mighty hero.
The gnoll sergeant closely misses you.
The gnoll hits you with a +2 whip of flaming.
The gnoll burns you. You block the gnoll bouda's attack.
You block Edmund's attack. The gnoll barely misses you.
You block the gnoll's attack.
You shoot a sling bullet. The sling bullet hits Edmund!
Edmund is severely wounded.
The gnoll barely misses you. The gnoll sergeant closely misses you.
Grinder blinks!
Edmund says, "Everyone always remembers my brother. 'Who's Edmund?' they ask!"
You block Edmund's attack.
The gnoll bouda hits you with a +2 whip of venom!
The gnoll hits you from afar with a +0 halberd!
5185 ||| READING scroll of teleportation.
As you read the scroll of teleportation, it crumbles to dust.
You feel strangely unstable.
The gnoll hits you from afar with a +0 halberd!
The gnoll sergeant completely misses you.
The gnoll hits you but does no damage. The gnoll bouda barely misses you.
Edmund closely misses you.
The gnoll hits you from afar with a +0 halberd!
You die...

#######+## #........#
#....g...# #...@@...#
#+#####g.g.## .
##########..####.gg¤##..
........................
.#...#...#....%.........
..............?...5.....
#...#...#....##....##..
.......))..)..####### ..
##########)%.......


You could see Edmund, Grinder, a gnoll sergeant (swift), a gnoll bouda and 3
gnolls.

Vanquished Creatures
  Sigmund (D:6)
  2 orc warriors (D:6)
  A sky beast (D:6)
  2 ice beasts
  A black bear (D:5)
  3 phantoms (D:4)
  3 scorpions
  2 water moccasin zombies (Ossuary)
  An electric eel (D:6)
  A jelly (D:6)
  2 orc priests
  4 hounds
  4 iguanas
  Natasha (thrice) (D:2)
  2 orc wizards
  A statue (D:4)
  2 mummies (Ossuary)
  8 adders
  A white imp (D:5)
  2 ufetubi
  6 adder zombies (Ossuary)
  4 worms
  2 dart slugs (D:4)
  24 orcs
  4 ball pythons
  5 endoplasms
  13 giant cockroaches
  5 goblins
  6 hobgoblins
  6 jackals
  5 quokkas
  4 bats
  4 frilled lizards
  4 gnoll zombies (Ossuary)
  4 hobgoblin zombies (Ossuary)
  4 kobolds
  8 kobold zombies (Ossuary)
  5 orc zombies (Ossuary)
  4 rats
163 creatures vanquished.

Notes
Turn   | Place    | Note
-------+----------+-------------------------------------------
     0 | D:1      | qw the Minotaur Hexslinger began the quest for the Orb.
     0 | D:1      | Reached XP level 1. HP: 16/16 MP: 1/1
     0 | D:1      | 0 ||| qw: Version: 0.3-a-32-g5962c71
     0 | D:1      | 0 ||| qw: Game counter: 7586
     0 | D:1      | 0 ||| qw: Melee chars always use a shield: true
     0 | D:1      | 0 ||| qw: God list: Okawaru
     0 | D:1      | 0 ||| qw: Allow faded altars: false
     0 | D:1      | 0 ||| qw: Do Orc after clearing Dungeon:15 true
     0 | D:1      | 0 ||| qw: Do second Lair branch before Depths: true
     0 | D:1      | 0 ||| qw: Lair rune preference: random
     0 | D:1      | 0 ||| qw: Goals: Normal
     0 | D:1      | 0 ||| PLANNING D:1-11
   303 | D:1      | Reached skill level 3 in Ranged Weapons
   303 | D:1      | Reached XP level 2. HP: 23/23 MP: 2/2
   621 | D:1      | 621 ||| UPGRADING to +0 leather armour.
   631 | D:1      | 631 ||| DROPPING +0 robe.
   632 | D:1      | 632 ||| UPGRADING to +3 leather armour of fire resistance.
   642 | D:1      | 642 ||| DROPPING +0 leather armour.
   643 | D:1      | 643 ||| READING 3 scrolls labelled WUISTR NUOTUAWO.
   644 | D:1      | 644 ||| READING scroll labelled LIASSAARIC.
   648 | D:1      | 648 ||| READING scroll labelled CUMMEU UDETZ.
   649 | D:1      | 649 ||| READING scroll labelled DEICOO LUPPEZAMN.
   650 | D:1      | 650 ||| READING 2 scrolls of identify.
   650 | D:1      | 650 ||| IDENTIFYING bubbling pink potion
   651 | D:1      | 651 ||| DROPPING scroll of poison.
   814 | D:2      | Reached XP level 3. HP: 29/29 MP: 3/3
  1056 | D:2      | Noticed Natasha
  1061 | D:2      | Killed Natasha
  1062 | D:2      | Reached skill level 4 in Ranged Weapons
  1202 | D:2      | Noticed Natasha
  1209 | D:2      | Killed Natasha
  1210 | D:2      | Reached XP level 4. HP: 32/36 MP: 4/4
  1235 | D:2      | Noticed Natasha
  1245 | D:2      | Killed Natasha
  1246 | D:2      | Reached skill level 5 in Ranged Weapons
  1246 | D:2      | HP: 8/36 [worm (8)]
  1408 | D:2      | Found Boapryif's Distillery.
  1412 | D:2      | 1412 ||| SHOPLISTING potion of cancellation (96 gold, have
                  | 78).
  1412 | D:2      | 1412 ||| BUYING potion of curing (36 gold).
  1412 | D:2      | Bought a potion of curing for 36 gold pieces
  1412 | D:2      | 1412 ||| SHOPLISTING potion of heal wounds (60 gold, have
                  | 42).
  1412 | D:2      | 1412 ||| SHOPLISTING potion of might (48 gold, have 42).
  1412 | D:2      | 1412 ||| SHOPLISTING potion of mutation (96 gold, have 42).
  1412 | D:2      | 1412 ||| SHOPLISTING potion of resistance (120 gold, have
                  | 42).
  1633 | D:2      | Reached XP level 5. HP: 42/42 MP: 5/5
  1675 | D:2      | 1675 ||| READING 4 scrolls of identify.
  1675 | D:2      | 1675 ||| IDENTIFYING black potion
  1676 | D:2      | 1676 ||| READING 3 scrolls of identify.
  1676 | D:2      | 1676 ||| IDENTIFYING fuming inky potion
  1677 | D:2      | 1677 ||| READING 2 scrolls of identify.
  1677 | D:2      | 1677 ||| IDENTIFYING smoky cyan potion
  1678 | D:2      | 1678 ||| DROPPING potion of attraction.
  1767 | D:3      | Found Atuuruott's Antique Armour Shoppe.
  1778 | D:3      | 1778 ||| SHOPLISTING ancient ring mail (243 gold, have 59).
  1778 | D:3      | 1778 ||| SHOPLISTING bloodstained leather armour (189 gold,
                  | have 59).
  1778 | D:3      | 1778 ||| SHOPLISTING pair of boots (121 gold, have 59).
  1833 | D:3      | Reached skill level 3 in Fighting
  1899 | D:3      | 1899 ||| READING scroll labelled TEAQIN VISIG.
  1901 | D:3      | HP: 9/45 [orc priest/nerve-wracking pain (9)]
  2047 | D:3      | Found a sacrificial altar of Ru.
  2189 | D:3      | Reached skill level 6 in Ranged Weapons
  2405 | D:3      | Identified the amulet "Xeebb" {Spirit rPois Str+3}
  2474 | D:3      | 2474 ||| UPGRADING to +2 ring mail of poison resistance.
  2484 | D:3      | 2484 ||| UPGRADING to +0 pair of gloves.
  2489 | D:3      | 2489 ||| UPGRADING to amulet "Xeebb" {Spirit rPois Str+3}.
  2494 | D:3      | 2494 ||| UPGRADING to +3 leather armour of fire resistance.
  2504 | D:3      | 2504 ||| UPGRADING to +4 ring of protection.
  2544 | D:4      | 2544 ||| PLANNING OSSUARY
  2546 | D:4      | Found a staircase to the Ecumenical Temple.
  2579 | D:4      | Reached skill level 1 in Armour
  2579 | D:4      | Reached XP level 6. HP: 51/51 MP: 6/6
  2745 | D:4      | Reached skill level 7 in Ranged Weapons
  2828 | D:4      | Found a burning altar of Makhleb.
  2856 | D:4      | Found a sand-covered staircase.
  2857 | D:4      | 2857 ||| READING scroll labelled ZANKIX TOENGO.
  2858 | D:4      | 2858 ||| READING 2 scrolls of identify.
  2858 | D:4      | 2858 ||| IDENTIFYING fuming yellow potion
  2859 | D:4      | 2859 ||| DROPPING potion of magic.
  2863 | Ossuary  | Entered an ossuary
  2940 | Ossuary  | Reached XP level 7. HP: 58/60 MP: 7/7
  3192 | Ossuary  | 3192 ||| READING scroll labelled ZON BOJAANU.
  3193 | Ossuary  | 3193 ||| DRINKING 2 amethyst potions.
  3194 | Ossuary  | 3194 ||| DRINKING 3 potions of curing.
  3194 | Ossuary  | 3194 ||| (to cure confusion)
  3195 | Ossuary  | 3195 ||| DRINKING 3 purple potions.
  3196 | Ossuary  | 3196 ||| DRINKING 2 murky blue potions.
  3197 | Ossuary  | 3197 ||| READING 2 scrolls of identify.
  3197 | Ossuary  | 3197 ||| IDENTIFYING cyan potion
  3198 | Ossuary  | 3198 ||| DROPPING potion of ambrosia.
  3207 | D:4      | 3207 ||| PLANNING TEMPLE
  3260 | D:4      | Reached skill level 8 in Ranged Weapons
  3362 | D:4      | Found a radiant altar of Vehumet.
  3371 | D:4      | 3371 ||| READING scroll labelled DUARUPT EVERYG.
  3425 | Temple   | Entered the Ecumenical Temple
  3468 | Temple   | 3468 ||| PLANNING OKAWARU WORSHIP
  3599 | Temple   | Became a worshipper of Warmaster Okawaru
  3600 | Temple   | 3600 ||| PLANNING D:1-11
  3600 | Temple   | 3600 ||| UPGRADING to amulet of reflection.
  3610 | Temple   | 3610 ||| UPGRADING to +2 ring mail of poison resistance.
  3913 | D:5      | Entered Level 5 of the Dungeon
  3927 | D:5      | Found a hide-covered altar of Uskayaw.
  3936 | D:5      | 3936 ||| FLEEEEING.
  3937 | D:5      | 3937 ||| FLEEEEING.
  3938 | D:5      | 3938 ||| FLEEEEING.
  3939 | D:5      | 3939 ||| FLEEEEING.
  3940 | D:5      | 3940 ||| FLEEEEING.
  3941 | D:5      | 3941 ||| FLEEEEING.
  3942 | D:5      | 3942 ||| FLEEEEING.
  3943 | D:5      | 3943 ||| STAIRDANCE
  4122 | D:5      | Found a stormy altar of Qazlal.
  4123 | D:5      | Noticed an air elemental
  4123 | D:5      | Noticed a fire elemental
  4123 | D:5      | Noticed a water elemental
  4191 | D:5      | Reached XP level 8. HP: 53/68 MP: 8/8
  4203 | D:5      | Reached * piety under Okawaru
  4203 | D:5      | HP: 12/68 [orc/+5 trident (8)]
  4204 | D:5      | Reached skill level 9 in Ranged Weapons
  4204 | D:5      | 4204 ||| READING scroll of teleportation.
  4205 | D:5      | 4205 ||| DRINKING 2 potions of heal wounds.
  4206 | D:5      | 4206 ||| INVOKING Heroism.
  4359 | D:5      | Found a broken altar of Ashenzari.
  4496 | D:5      | Found a runed translucent door.
  4497 | D:5      | Noticed Crazy Yiuf
  4682 | D:5      | 4682 ||| READING scroll labelled MAXTUO VOERCH.
  4683 | D:5      | 4683 ||| READING 2 scrolls of identify.
  4683 | D:5      | 4683 ||| IDENTIFYING viscous amethyst potion
  4684 | D:5      | 4684 ||| DROPPING potion of brilliance.
  4728 | D:6      | Reached skill level 3 in Dodging
  4766 | D:6      | Noticed Sigmund
  4767 | D:6      | 4767 ||| Stepping ~*~*~tactically~*~*~ (water).
  4771 | D:6      | 4771 ||| DRINKING 2 potions of curing.
  4771 | D:6      | 4771 ||| (to cure confusion)
  4774 | D:6      | 4774 ||| DRINKING potion of curing.
  4774 | D:6      | 4774 ||| (to cure confusion)
  4778 | D:6      | Killed Sigmund
  4779 | D:6      | Reached skill level 6 in Fighting
  4796 | D:6      | 4796 ||| INVOKING Heroism.
  4934 | D:6      | Reached skill level 1 in Invocations
  4972 | D:6      | 4972 ||| INVOKING Heroism.
  5050 | D:6      | Reached skill level 3 in Invocations
  5099 | D:6      | Reached skill level 10 in Ranged Weapons
  5100 | D:6      | 5100 ||| INVOKING Heroism.
  5153 | D:6      | Noticed Grinder
  5154 | D:6      | 5154 ||| INVOKING Heroism.
  5162 | D:6      | Noticed Edmund
  5166 | D:6      | Paralysed by Grinder for 4 turns
  5167 | D:6      | Reached XP level 9. HP: 78/78 MP: 8/10
  5172 | D:6      | 5172 ||| Stepping ~*~*~tactically~*~*~ (outnumbered).
  5183 | D:6      | 5183 ||| INVOKING Heroism.
  5184 | D:6      | HP: 19/78 [gnoll bouda/+2 whip of venom (7)]
  5184 | D:6      | HP: 9/78 [gnoll/+0 halberd[a gnoll bouda] (10)]
  5185 | D:6      | 5185 ||| READING scroll of teleportation.
  5185 | D:6      | HP: 3/78 [gnoll/+0 halberd[a gnoll bouda] (7)]
  5185 | D:6      | Mangled by a gnoll

Levels and vault maps discovered:
D:1:      scummos_arrival_simple_fountains, layout_loops_cross
D:2:      layout_loops_corners, serial_shops, shop, uniq_natasha
D:3:      minmay_roachtagon, layout_basic, nicolae_ru_sacrificial_ziggurat,
          serial_shops, nicolae_square_shop, hangedman_decor_slide_cut
D:4:      layout_loops_ring, mainiacjoe_overflow_surrounded_room,
          vehumet_statue, minmay_temple_entry_statues_fountains, enter_ossuary_5
D:5:      layout_rooms, nicolae_qazlal_style_of_elements,
          mainiacjoe_overflow_catch_the_wave, uniq_crazy_yiuf_cottage
D:6:      layout_gridville, trog_ov_bears_minmay, lemuel_coloured_pillars_altar,
          serial_shops, nicolae_shop_rolled_up, serial_bayou_ford_a,
          nicolae_grassy_gnolls, uniq_sigmund, uniq_pikel, uniq_edmund,
          uniq_grinder
Temple:   bh_familiar_temple

Skill      XL: |  1  2  3  4  5  6  7  8 |
---------------+-------------------------+-----
Ranged Weapons | 3 4 5 6 7 8 10 | 10.0
Fighting       | 2 3 4 5 6 |  6.9
Armour         | 1 2 |  2.5
Dodging        | 3 |  3.0
Invocations    | 3 |  3.7
Spellcasting   | |  1.0
Hexes          | |  2.0

Action                     |  1- 3 |  4- 6 |  7- 9 || total
---------------------------+-------+-------+-------++-------
   Fire: Sling             |    71 |   235 |   313 ||   619
 Invoke: Heroism           |       |       |     6 ||     6
    Use: Scroll            |     5 |     6 |     7 ||    18
         Potion            |       |       |     7 ||     7
 Armour: Robe              |     2 |       |       ||     2
         Leather armour    |     6 |    47 |    26 ||    79
         Ring mail         |       |       |    81 ||    81
  Dodge: Dodged            |    20 |    76 |   118 ||   214
  Block: Other             |       |       |    32 ||    32

Table legend:
 A = Non-vault XP
 B = Vault XP
 C = Vault XP percentage of total XP
 D = Non-vault monster count
 E = Vault monster count
 F = Vault count percentage of total count
                 A         B        C        D         E       F
            +---------+---------+-------+---------+---------+-------
      Total |    2280 |     549 |  19.4 |     120 |      43 |  26.4
            +---------+---------+-------+---------+---------+-------
        D:1 |      23 |       0 |   0.0 |      15 |       0 |   0.0
        D:2 |     147 |      35 |  19.2 |      26 |       1 |   3.7
        D:3 |     136 |      18 |  11.7 |      24 |       9 |  27.3
        D:4 |     545 |      32 |   5.5 |      17 |       1 |   5.6
        D:5 |     483 |       0 |   0.0 |      20 |       0 |   0.0
        D:6 |     946 |     214 |  18.4 |      18 |       1 |   5.3
    Ossuary |       0 |     250 | 100.0 |       0 |      31 | 100.0
            +---------+---------+-------+---------+---------+-------
